 Dungeon Crawl Stone Soup version 0.22-a0-772-gac08f70 (webtiles) character file.

4483 Mamutox the Cleaver (level 10, 0/104 HPs)
             Began as an Ogre Chaos Knight on July 17, 2018.
             Slain by Erica
             ... wielding a +0 scimitar of flaming
              (8 damage)
             ... on level 9 of the Dungeon.
             The game lasted 00:29:56 (11080 turns).

Mamutox the Cleaver (Ogre Chaos Knight)            Turns: 11080, Time: 00:29:58

Health: 0/104      AC:  5    Str: 20 (21) XL:     10   Next: 38%
Magic:  10/10      EV:  8    Int: 12 (13) God:    Xom [.*....]
Gold:   668        SH: 17    Dex: 11      Spells: 9/9 levels left

rFire    . . .     SeeInvis +   g - +2 broad axe (chaos)
rCold    . . .     Gourm    +   i - +1 large shield
rNeg     . . .     Faith    .   b - +2 robe
rPois    .         Spirit   .   (helmet restricted)
rElec    .         Reflect  .   (no cloak)
rCorr    .         Harm     .   (gloves unavailable)
MR       +....     Rnd*Rage +   (boots unavailable)
Stlth    +.........             u - amulet of the gourmand
HPRegen  0.27/turn              F - ring of see invisible
MPRegen  0.12/turn              a - +3 ring of strength

@: about to teleport, very slightly contaminated
A: large, unfitting armour, antennae 1, berserk 1, deterioration 1, mutation
resistance 2, tough skin 1
a: Renounce Religion


You were on level 9 of the Dungeon.
You worshipped Xom.
You were a plaything of Xom.
You were completely stuffed.

You visited 1 branch of the dungeon, and saw 9 of its levels.

You collected 668 gold pieces.

Inventory:

Hand Weapons
 g - a +2 broad axe of chaos (weapon)
Missiles
 t - 6 tomahawks (quivered)
 D - a throwing net
 G - 6 needles of sleeping
Armour
 b - a +2 robe (worn)
 i - a +1 large shield (worn)
Jewellery
 a - a +3 ring of strength (right hand)
 d - an uncursed amulet of guardian spirit
 u - an amulet of the gourmand (around neck)
 F - a ring of see invisible (left hand)
Wands
 h - a wand of flame (31)
 w - a wand of digging (13)
 y - a wand of enslavement (8)
 E - a wand of iceblast (9)
Scrolls
 j - 2 scrolls of fog
 l - 3 scrolls of random uselessness
 m - a scroll of amnesia
 p - 2 scrolls of immolation {unknown}
 q - 4 scrolls of remove curse
 r - a scroll of enchant armour
 x - 2 scrolls of blinking
 B - a scroll of brand weapon
 C - a scroll of torment
Potions
 e - 3 potions of haste
 f - 2 potions of cancellation
 k - a potion of heal wounds
 s - 2 potions of curing
 v - a potion of ambrosia
 z - 2 potions of agility
Comestibles
 c - 17 rations
 n - 2 chunks of flesh


   Skills:
 - Level 7.7 Fighting
 + Level 10.3 Axes
 - Level 2.3 Dodging
 + Level 9.0 Shields


You had 9 spell levels left.
You didn't know any spells.
Your spell library contained the following spells:

 Spells                   Type           Power        Failure   Level  Hunger
 Fireball                 Conj/Fire      #.........   100%        5    ######.
 Conjure Flame            Conj/Fire      #.......     98%         3    ####...
 Confuse                  Hex            #.......     98%         3    ####...
 Throw Flame              Conj/Fire      #.....       88%         2    ###....
 Animate Dead             Necr           N/A          100%        4    #####..
 Pain                     Necr           #...         77%         1    ##.....
 Animate Skeleton         Necr           N/A          77%         1    ##.....
 Vampiric Draining        Necr           #.........   98%         3    ####...
 Sticky Flame             Conj/Fire      #.......     100%        4    #####..
 Regeneration             Chrm/Necr      #.........   98%         3    ####...
 Confusing Touch          Hex            #.....       77%         1    ##.....
 Flame Tongue             Conj/Fire      #....        77%         1    ##.....
 Metabolic Englaciation   Hex/Ice        #.........   100%        5    ######.
 Petrify                  Tmut/Erth      #.......     100%        4    #####..
 Inner Flame              Hex/Fire       #.......     98%         3    ####...
 Gell's Gravitas          Tloc           #.........   98%         3    ####...
 Yara's Violent Unravell  Hex/Tmut       #.........   100%        5    ######.


Dungeon Overview and Level Annotations

Branches:
Dungeon (9/15)             Temple (0/1) D:6             Orc (0/2) D:9
   Lair: D:8-11

Altars:
Ashenzari
Fedhas
Hepliaklqana
Makhleb
Xom
Zin
The Shining One

Shops:
D:8 *

Annotations:
D:9 Erica


Innate Abilities, Weirdness & Mutations

You are too large for most types of armour.
You have tough skin. (AC +1)
You have a pair of small antennae on your head.
You tend to lose your temper in combat.
Your body sometimes deteriorates upon taking damage.
You are somewhat resistant to both further mutation and mutation removal.


Message History

You block Erica's attack.
You closely miss Erica.
Erica is moderately wounded.
Erica barely misses you.
Erica hits you with a scimitar of flaming!!
Erica burns you!
Erica hits you with a scimitar of flaming!!
* * * LOW HITPOINT WARNING * * *
Your body deteriorates!
You feel weakened. Erica burns you!
* * * LOW HITPOINT WARNING * * *
You feel much better. You block Erica's attack. x2
Okay, then.
As you read the scroll of teleportation, it crumbles to dust.
You feel strangely unstable.
Erica hits you with a scimitar of flaming!!
* * * LOW HITPOINT WARNING * * *
Erica burns you!
You die...
Xom chuckles heartily!

#.##........# ##.#####.##### #.#
.#.# #.# #.. >#.# #.# #.# .#.#
##'## #.# ##### ...# ##...## #..
#.... .#####.?...## #.###
####.### .# ##.......## #.#.##
#.......
.###.........###@...######.##.#..
...+...........@.................
.###................######.##.#..
.# ##........###.#..# #.##.##. .#
##.....#.# #.##.# #.##.### .#
##...##.# #.##.# #)##.# # .#
##'###.# #.##.# #.##.### .#
####.###.# #.##.# #....... .#
#........# #.##.# ####.###


You could see Erica (berserk).

Vanquished Creatures
  A spriggan (D:7)
  A water moccasin (D:8)
  3 ice beasts (D:7)
  An orc warrior (D:6)
  A sky beast (D:9)
  A necrophage (D:9)
  4 phantoms
  A centaur (D:3)
  3 ogres
  5 big kobolds (D:3)
  5 bullfrogs
  3 scorpions
  10 killer bees
  3 wights (D:6)
  4 howler monkeys
  5 crimson imps
  A quasit (D:8)
  A centaur skeleton (D:4)
  4 centaur zombies
  7 hounds
  2 jellies
  An orc wizard (D:8)
  An orc priest (D:6)
  3 bullfrog skeletons
  7 worker ants
  2 iguanas (D:5)
  Robin (D:2)
  7 gnolls
  8 adders
  3 shadow imps
  An ooze (D:1)
  An adder zombie (D:6)
  2 adder skeletons
  A dart slug (D:3)
  2 leopard geckos
  6 orcs
  6 bats
  6 giant cockroaches
  22 goblins
  15 hobgoblins
  10 jackals
  6 quokkas
  3 ball pythons
  4 frilled lizards
  2 goblin skeletons (D:8)
  A hobgoblin zombie (D:8)
  A jackal skeleton (D:5)
  39 kobolds
  A kobold skeleton (D:8)
  A kobold zombie (D:8)
  A leopard gecko zombie (D:6)
  An orc zombie (D:8)
  7 rats
238 creatures vanquished.

Vanquished Creatures (collateral kills)
  3 big kobolds (D:3)
  A killer bee zombie (D:4)
  2 gnolls (D:3)
  2 hobgoblins (D:3)
  6 kobolds (D:3)
14 creatures vanquished.

Grand Total: 252 creatures vanquished

Notes
Turn   | Place    | Note
-------+----------+-------------------------------------------
     0 | D:1      | Mamutox the Ogre Chaos Knight began the quest for the Orb.
     0 | D:1      | Reached XP level 1. HP: 24/24 MP: 1/1
    68 | D:1      | XOM: silly message
   106 | D:1      | Reached XP level 2. HP: 20/33 MP: 2/2
   276 | D:1      | XOM: harmless Ice miscast
   430 | D:1      | XOM: scenery: create altars
   587 | D:1      | XOM: give mutations
   587 | D:1      | Gained mutation: You are surrounded by a mild repulsion field. (EV +2) [Xom's grace]
   587 | D:1      | Gained mutation: You are somewhat resistant to further mutation. [Xom's grace]
   587 | D:1      | Gained mutation: You are somewhat resistant to both further mutation and mutation removal. [Xom's grace]
   587 | D:1      | Gained mutation: You have a pair of small horns on your head. [Xom's grace]
   591 | D:2      | Reached XP level 3. HP: 40/40 MP: 3/3
   910 | D:2      | XOM: god gift: runed broad axe {god gift}
   953 | D:2      | XOM: silly message
   990 | D:2      | XOM: chaos cloud
   991 | D:2      | Reached skill level 1 in Shields
  1112 | D:2      | XOM: give mutations
  1112 | D:2      | Gained mutation: You have sharp toenails. [Xom's mischief]
  1112 | D:2      | Gained mutation: You are weak. (Str -2) [Xom's mischief]
  1112 | D:2      | Gained mutation: You are frail. (-10% HP) [Xom's mischief]
  1160 | D:2      | Reached XP level 4. HP: 43/44 MP: 4/4
  1417 | D:2      | XOM: noise
  1435 | D:2      | XOM: swap monsters
  1460 | D:2      | Noticed Robin
  1465 | D:2      | Reached skill level 4 in Axes
  1470 | D:2      | Killed Robin
  1500 | D:2      | XOM: summons 2 hostile demons
  1693 | D:2      | XOM: give mutations
  1693 | D:2      | Gained mutation: You are very weak. (Str -4) [Xom's mischief]
  1693 | D:2      | Gained mutation: You are clumsy. (Dex -2) [Xom's mischief]
  1693 | D:2      | Lost mutation: You are frail. (-10% HP) [Xom's mischief]
  1925 | D:3      | XOM: confusion (+ monsters)
  2018 | D:3      | Noticed a centaur
  2028 | D:3      | Killed a centaur
  2028 | D:3      | Reached XP level 5. HP: 30/55 MP: 2/5
  2038 | D:3      | XOM is BORED!
  2038 | D:3      | XOM: summons 2 hostile demons
  2499 | D:3      | XOM: harmless Air miscast
  2556 | D:3      | Noticed a big kobold
  2556 | D:3      | XOM: torment (31/55 hp)
  2559 | D:3      | XOM: 5-stop teleportation journey
  2562 | D:3      | XOM: 3-stop teleportation journey
  2620 | D:3      | XOM: harmless Erth miscast
  2646 | D:3      | XOM: 10-stop teleportation journey
  2668 | D:3      | Noticed a big kobold
  2670 | D:3      | XOM: enchant monster (good)
  2675 | D:3      | XOM: god gift: scroll labeled LALYBB FORAA {god gift}
  2679 | D:3      | XOM: god gift: scroll labeled OMNUARH SITAMO {god gift}
  2685 | D:3      | Killed a big kobold
  2685 | D:3      | Reached skill level 5 in Axes
  2685 | D:3      | Reached XP level 6. HP: 47/63 MP: 3/6
  2710 | D:3      | XOM: 1-stop teleportation journey
  2759 | D:3      | XOM: silly message
  2764 | D:3      | XOM: harmless Erth miscast
  2767 | D:3      | XOM: smoke on damage
  2779 | D:3      | Reached XP level 7. HP: 46/71 MP: 5/7
  2952 | D:3      | XOM: confusion (+ monsters)
  2997 | D:3      | XOM: cast spell 'Dispersal'
  3007 | D:3      | XOM: summons 7 friendly demons
  3015 | D:3      | Reached skill level 6 in Axes
  3017 | D:3      | Reached skill level 5 in Fighting
  3628 | D:4      | XOM: confuse monster(s)
  3727 | D:4      | XOM: summons 3 friendly demons
  3888 | D:4      | Found a shattered altar of Ashenzari.
  3942 | D:4      | Reached XP level 8. HP: 72/83 MP: 6/8
  4117 | D:4      | XOM: scenery: create altars
  4234 | D:4      | Found a hazy altar of Hepliaklqana.
  4530 | D:4      | Found a glowing silver altar of Zin.
  4650 | D:5      | Entered Level 5 of the Dungeon
  4669 | D:5      | Reached skill level 5 in Shields
  4861 | D:5      | Reached skill level 7 in Axes
  5129 | D:5      | XOM: 4-stop teleportation journey
  5198 | D:5      | XOM: give mutations
  5198 | D:5      | Lost mutation: You are clumsy. (Dex -2) [Xom's mischief]
  5198 | D:5      | Lost mutation: You have a pair of small horns on your head. [Xom's mischief]
  5235 | D:5      | XOM: medium Fire miscast
  5489 | D:5      | XOM: give mutations
  5489 | D:5      | Gained mutation: You occasionally shout uncontrollably at your foes. [Xom's mischief]
  5489 | D:5      | Lost mutation: You occasionally shout uncontrollably at your foes. [Xom's mischief]
  5489 | D:5      | Gained mutation: Your body sometimes deteriorates upon taking damage. [Xom's mischief]
  5489 | D:5      | Lost mutation: You are surrounded by a mild repulsion field. (EV +2) [Xom's mischief]
  5716 | D:6      | Found a staircase to the Ecumenical Temple.
  5727 | D:6      | XOM: smoke on damage
  5894 | D:6      | Reached XP level 9. HP: 39/94 MP: 9/9
  5900 | D:6      | HP: 3/94 [orc warrior/trident (17)]
  5966 | D:6      | XOM: mild Conj miscast
  6096 | D:6      | XOM: 1-stop teleportation journey
  6215 | D:6      | XOM: draining
  6303 | D:6      | XOM: enchant monster (bad)
  6410 | D:6      | Reached skill level 8 in Axes
  6482 | D:6      | XOM: mild Fire miscast
  7178 | D:7      | XOM: summons 3 hostile demons
  7836 | D:7      | Reached skill level 9 in Axes
  8016 | D:7      | XOM: confusion
  8241 | D:7      | XOM: medium Erth miscast
  8319 | D:7      | XOM: harmless Tloc miscast
  8361 | D:7      | XOM: summons 4 hostile shadow creatures
  8498 | D:6      | XOM: torment (34/94 hp)
  8589 | D:6      | XOM: mild Chrm miscast
  8733 | D:6      | XOM: mild Ice miscast
  8828 | D:7      | XOM: medium Ice miscast
  8876 | D:8      | Found a glowing golden altar of the Shining One.
  8977 | D:8      | Found Gukhlup's Goods Gallery.
  8982 | D:8      | Found a blossoming altar of Fedhas.
  8987 | D:8      | XOM: swap monsters
  8992 | D:8      | Reached XP level 10. HP: 72/104 MP: 10/10
  9004 | D:8      | XOM: 9-stop teleportation journey
  9305 | D:8      | XOM: god gift: flail {god gift}
  9371 | D:8      | Reached skill level 10 in Axes
  9457 | D:8      | XOM: cloud trail
  9476 | D:8      | XOM: silly message
 10135 | D:9      | Noticed Erica
 10148 | D:9      | XOM: give mutations
 10148 | D:9      | Lost mutation: You have sharp toenails. [Xom's mischief]
 10148 | D:9      | Gained mutation: You have a pair of small antennae on your head. [Xom's mischief]
 10148 | D:9      | Lost mutation: You are very weak. (Str -4) [Xom's mischief]
 10148 | D:9      | Lost mutation: You are weak. (Str -2) [Xom's mischief]
 10663 | D:9      | Found a burning altar of Makhleb.
 10872 | D:9      | XOM: severe Chrm miscast
 10909 | D:9      | Found a staircase to the Orcish Mines.
 10937 | D:9      | Gained mutation: You tend to lose your temper in combat. [mutagenic glow]
 11080 | D:9      | Slain by Erica

Vault maps used:
D:1:      minmay_arrival_five_plusses
D:2:      uniq_robin
D:3:      minmay_goblin_kobold_castle, first_ration
D:4:      kennysheep_mini, marbit_many_paths, kennysheep_mini_moat, minivault_27
D:6:      minmay_temple_entry_crystal_x
D:7:      the_bakery
D:8:      nicolae_tso_besieged_by_evil, overflow_temple_1_default,
          minmay_stone_trees_medium, fountainhead, nicolae_alphabet_shops
D:9:      lemuel_round_altar, orc_0_dummy, uniq_erica

Skill      XL: |  1  2  3  4  5  6  7  8  9 10 |
---------------+-------------------------------+-----
Shields        | 1 2 3 4 6 8 9 |  9.0
Axes           | 4 5 6 7 9 10 | 10.3
Fighting       | 5 7 |  7.7
Dodging        | |  2.3

Action                   |  1- 3 |  4- 6 |  7- 9 | 10-12 || total
-------------------------+-------+-------+-------+-------++-------
Melee: Hand axe          |    94 |       |       |       ||    94
       Headbutt          |     4 |     7 |    14 |       ||    25
       Broad axe         |    13 |   177 |   367 |   121 ||   678
       Kick              |       |    13 |    61 |     8 ||    82
  Use: Scroll            |     2 |     2 |       |    11 ||    15
       Potion            |       |       |       |     3 ||     3
 Stab: Paralysed         |     1 |     2 |     1 |       ||     4
  Eat: Chunk             |       |     6 |    31 |     9 ||    46
Armor: Robe              |    54 |   100 |    65 |    20 ||   239
Dodge: Dodged            |    45 |   102 |    94 |    27 ||   268
Block: Large shield      |    30 |   181 |   306 |    97 ||   614

Table legend:
 A = Spawn XP
 B = Non-spawn XP
 C = Spawn XP percentage of total XP
 D = Spawn monster count
 E = Non-spawn monster count
 F = Spawn count percentage of total count
 G = Total turns spent on level
                    A         B        C        D         E        F      G
               +---------+---------+-------+---------+---------+-------+---------
         Total |       0 |    6405 |   0.0 |       0 |     252 |   0.0 | 11080
               +---------+---------+-------+---------+---------+-------+---------
           D:1 |       0 |      32 |   0.0 |       0 |      17 |   0.0 |   588
           D:2 |       0 |      97 |   0.0 |       0 |      36 |   0.0 |  1216
           D:3 |       0 |     908 |   0.0 |       0 |      81 |   0.0 |  1808
           D:4 |       0 |     279 |   0.0 |       0 |      12 |   0.0 |  1038
           D:5 |       0 |     713 |   0.0 |       0 |      17 |   0.0 |   963
           D:6 |       0 |     671 |   0.0 |       0 |      19 |   0.0 |  1808
           D:7 |       0 |    1671 |   0.0 |       0 |      26 |   0.0 |  1429
           D:8 |       0 |    1206 |   0.0 |       0 |      31 |   0.0 |  1247
           D:9 |       0 |     828 |   0.0 |       0 |      13 |   0.0 |   983
               +---------+---------+-------+---------+---------+-------+---------
